 Dungeon Crawl Stone Soup version 0.18.1-50-g88ac8fd (webtiles) character file.

69 Zekeros1 the Skirmisher (level 4, -1/35 HPs)
             Began as a Demonspawn Abyssal Knight on Sept 22, 2016.
             Was a Follower of Lugonu.
             Slain by an orc
             ... wielding a +0 dagger
              (2 damage)
             ... on level 3 of the Dungeon.
             The game lasted 00:04:44 (1603 turns).

Zekeros1 the Skirmisher (Demonspawn Abyssal Knight) Turns: 1603, Time: 00:04:46

Health: -1/35      AC:  6    Str: 14    XL:     4   Next: 2%
Magic:  6/6        EV: 11    Int: 13    God:    Lugonu [*.....]
Gold:   62         SH:  0    Dex: 12    Spells: 0 memorised, 3 levels left

rFire  . . .     SeeInvis .     a - +1 mace
rCold  . . .     Gourm    .     b - +0 leather armour
rNeg   . . .     Faith    .     (no shield)
rPois  .         Spirit   .     (no helmet)
rElec  .         Dismiss  .     (no cloak)
rCorr  .         Reflect  .     (no gloves)
SustAt .         Harm     .     (no boots)
MR     .....                    (no amulet)
Stlth  +.........               (no ring)
                                (no ring)

@: drained, not resistant to hostile enchantments, very unstealthy
A: thin metallic scales 2, powered by death 1
a: Depart the Abyss, Renounce Religion


You were on level 3 of the Dungeon.
You worshipped Lugonu.
Lugonu was aware of your devotion.
You were not hungry.

You visited 1 branch of the dungeon, and saw 3 of its levels.
You visited the Abyss 1 time.

You collected 62 gold pieces.

Inventory:

Hand Weapons
 a - a +1 mace (weapon)
Armour
 b - a +0 leather armour (worn)
Scrolls
 g - a scroll of fear {unknown}
 j - a scroll of fog {unknown}
 q - a scroll of random uselessness {unknown}
Potions
 d - a potion of lignification {unknown}
 e - a potion of flight {unknown}
 f - a potion of heal wounds {unknown}
 i - a potion of agility {unknown}
 l - a potion of cure mutation {unknown}
 m - a potion of mutation {unknown}
 n - a potion of cancellation {unknown}
 p - 2 potions of might {unknown}
Comestibles
 c - a bread ration
 h - a royal jelly
 k - a slice of pizza
 o - 4 fruits


   Skills:
 + Level 3.5(2.8) Fighting
 * Level 2.5(1.9) Maces & Flails
 + Level 1.9(1.3) Armour
 + Level 2.0(1.4) Dodging
 + Level 0.2(0.0) Stealth
 + Level 2.8(2.2) Invocations


You had 3 spell levels left.
You didn't know any spells.

Dungeon Overview and Level Annotations

Branches:
Dungeon (3/15)

Altars:


Innate Abilities, Weirdness & Mutations

You are mostly covered in thin metallic scales (AC +3).
You regenerate a little health from kills.


Message History

Lugonu accepts your kill.
You have reached level 4!
You feel stronger.
Your demonic ancestry asserts itself...
Thin metallic scales spread over more of your body.
You hit the orc.
The orc is lightly wounded.
The orc hits you but does no damage.
You hit the orc but do no damage.
The orc is lightly wounded.
The orc barely misses you. The orc hits you with a dagger.
You hit the orc.
The orc is heavily wounded.
The orc hits you with a dagger.
You completely miss the orc.
The orc is heavily wounded.
The orc priest invokes the aid of Beogh against you.
Beogh smites you!
* * * LOW HITPOINT WARNING * * *
The orc hits you with a dagger.
You die...

#.##...#.#####
#.##.........#
#.........###.#
#.........# #.
#......).)# #.
#.###(##...#.## ##.
#..........#..###.#
##########.##...#.#...##
..[looo@.......##.##.##
.########..........#.#
#..##........#
.....##.#####.##
#####.##.# #.# #.##.#
#.# #.##.# #.# #.##.# #.
#..


You could see an orc priest, 2 orcs and a giant gecko.

Vanquished Creatures
  An adder (D:3)
  A shadow imp (D:3)
  An ooze (D:1)
  A worm (D:2)
  2 dart slugs
  3 orcs
  2 bats (D:2)
  A giant cockroach (D:2)
  4 goblins
  3 hobgoblins
  8 kobolds
  A quokka (D:2)
  A ball python (D:1)
  5 giant newts
  4 rats
38 creatures vanquished.

Notes
Turn   | Place    | Note
--------------------------------------------------------------
     0 | Abyss:1  | Zekeros1 the Demonspawn Abyssal Knight began the quest for the Orb.
     0 | Abyss:1  | Reached XP level 1. HP: 18/18 MP: 2/2
    60 | Abyss:1  | Found a corrupted altar of Lugonu.
    60 | Abyss:1  | Noticed an earth elemental
    85 | Abyss:1  | Noticed an orange demon
    93 | D:1      | Escaped the Abyss
   272 | D:1      | Reached * piety under Lugonu
   377 | D:1      | Reached skill level 1 in Dodging
   402 | D:1      | Gained mutation: You are partially covered in thin metallic scales (AC +2). [demonic ancestry]
   402 | D:1      | Reached XP level 2. HP: 21/24 MP: 4/4
  1032 | D:2      | Gained mutation: You regenerate a little health from kills. [demonic ancestry]
  1032 | D:2      | Reached XP level 3. HP: 29/29 MP: 5/5
  1599 | D:3      | Gained mutation: You are mostly covered in thin metallic scales (AC +3). [demonic ancestry]
  1599 | D:3      | Reached XP level 4. HP: 14/35 MP: 6/6
  1603 | D:3      | HP: 1/35 [orc priest/divine providence (14)]
  1603 | D:3      | Slain by an orc

Skill      XL: |  1  2  3 |
---------------+----------+-----
Dodging        | 1 2 |  2.0
Maces & Flails | 2 |  2.5
Fighting       | |  3.5
Armour         | |  1.9
Stealth        | |  0.2
Invocations    | |  2.8

Action                   |  1- 3 |  4- 6 || total
-------------------------+-------+-------++-------
Melee: Mace              |   123 |     4 ||   127
Invok: Depart the Abyss  |     1 |       ||     1
 Stab: Sleeping          |     1 |       ||     1
  Eat: Bread ration      |     1 |       ||     1
Armor: Leather armour    |    55 |     1 ||    56
Dodge: Dodged            |    95 |     1 ||    96
